 Dungeon Crawl Stone Soup version 0.26-a0-851-g735459dd53 (webtiles) character file.

Game seed: 1771577076949966100

13 Froggeryz the Sneak (level 2, 0/24 HPs)
             Began as a Formicid Delver on Nov 21, 2020.
             Slain by an adder (4 damage)
             ... on level 5 of the Dungeon.
             The game lasted 00:02:44 (830 turns).

Froggeryz the Sneak (Formicid Delver)                Turns: 830, Time: 00:02:45

Health: 0/24       AC:  7    Str: 18    XL:     2   Next: 50%
Magic:  2/2        EV: 10    Int:  9    God:
Gold:   69         SH:  0    Dex: 12    Spells: 1/1 levels left

rFire    . . .     SeeInvis +   a - +0 hand axe
rCold    . . .     Faith    .   (no shield)
rNeg     . . .     Spirit   .   n - +0 scale mail
rPois    .         Reflect  .   (helmet unavailable)
rElec    .         Harm     .   (no cloak)
rCorr    .         Rampage  .   (no gloves)
MR       .....                  p - +0 pair of boots "Sastiter" {Str+2}
Stlth    ++........             o - amulet of regeneration
HPRegen  0.48/turn              (no ring)
MPRegen  0.08/turn              (no ring)

@: lethally poisoned (0 -> -1)
A: permanent stasis, dig shafts and tunnels, four strong arms, antennae 3
a: Dig, Shaft Self


You were on level 5 of the Dungeon.
You visited 1 branch of the dungeon, and saw 4 of its levels.

You collected 69 gold pieces.

Inventory:

Hand Weapons
 a - a +0 hand axe (weapon)
Missiles
 s - a throwing net (quivered)
Armour
 n - a +0 scale mail (worn)
 p - the +0 pair of boots "Sastiter" (worn) {Str+2}
   (You found it on level 4 of the Dungeon)

   It affects your strength (+2).
Jewellery
 o - an amulet of regeneration (around neck)
Wands
 f - a wand of digging (3)
 k - a wand of flame (7)
Scrolls
 c - a scroll of fog
 d - a scroll of magic mapping
 e - a scroll of fear
 i - a scroll of summoning {unknown}
 l - 2 scrolls of identify {unknown}
 m - 3 scrolls of immolation {unknown}
Potions
 b - a potion of heal wounds {unknown}
 g - 2 potions of mutation {unknown}
 h - 2 potions of curing {unknown}
 j - a potion of invisibility {unknown}
 q - a potion of lignification {unknown}
 r - a potion of degeneration {unknown}


   Skills:
 - Level 3.2 Fighting
 * Level 3.0 Axes
 - Level 1.7 Dodging
 - Level 6.0 Stealth


You had one spell level left.
You didn't know any spells.
Your spell library was empty.

Dungeon Overview and Level Annotations

Branches:
Dungeon (6/15)
 Temple: D:4-7

Altars:


Innate Abilities, Weirdness & Mutations

You cannot be hasted, slowed, berserked, paralysed or teleported.
You can dig through walls and to a lower floor.
Your four strong arms can wield two-handed weapons with a shield.
You have a pair of large antennae on your head. (SInv)


Message History

You feel sick. The adder bites you but does no damage.
You hit the adder but do no damage.
The adder is severely wounded.
The adder bites you but does no damage. The adder barely misses you.
You closely miss the adder.
The adder is severely wounded.
The adder bites you.
You are more poisoned.
The adder poisons you!
You miss the adder.
The adder is heavily wounded.
You feel sick. The adder bites you. x2
* * * LOW HITPOINT WARNING * * *
You barely miss the adder.
The adder is heavily wounded.
You feel sick. The adder bites you but does no damage.
You barely miss the adder.
The adder is heavily wounded.
The adder bites you.
You die...

.........##
..........##
...........#
...........#
........$..#
...........#
.......S...#
.......@..#
.......$.##
##########


You could see an adder.

Vanquished Creatures
  An adder (D:4)
  A leopard gecko (D:4)
  A ball python (D:5)
  A ball python skeleton (D:4)
  A frilled lizard (D:4)
5 creatures vanquished.

Notes
Turn   | Place    | Note
-------+----------+-------------------------------------------
     0 | D:5      | Froggeryz the Formicid Delver began the quest for the Orb.
     0 | D:5      | Reached XP level 1. HP: 18/18 MP: 1/1
    35 | D:5      | Noticed a wight
   161 | D:4      | Reached XP level 2. HP: 14/24 MP: 2/2
   532 | D:4      | Got a pair of warped boots
   588 | D:4      | Identified the +0 pair of boots "Sastiter" {Str+2} (You
                  | found it on level 4 of the Dungeon)
   795 | D:3      | You fall into a shaft and drop 3 floors!
   809 | D:6      | Noticed a phantom
   812 | D:6      | Noticed a centaur
   815 | D:6      | Noticed a bullfrog
   830 | D:5      | Slain by an adder

Illustrated notes

Levels and vault maps discovered:
D:3:      layout_loops_cross, gammafunk_ghost_gnarly_gnolls
D:4:      layout_loops_ring
D:5:      layout_rooms, lemuel_temple_firewalk_b, lightli_corner_chamber
D:6:      layout_rooms, ebering_ghost_gozag, serial_shops, shop,
          minmay_misc_feat_tower

Skill      XL: |  1  2 |
---------------+-------+-----
Axes           | 3 |  3.0
Fighting       | |  3.2
Dodging        | |  1.7
Stealth        | |  6.0

Action                   || total
-------------------------++-------
Melee: Hand axe          ||    45
 Stab: Sleeping          ||     1
Armor: Scale mail        ||    23
       Leather armour    ||     2
Dodge: Dodged            ||    33

Table legend: (Time is in decaauts)
 A = Elapsed time spent in this place.
 B = Non-inter-level travel time spent in this place.
 C = Inter-level travel time spent in this place.
 D = Time resting spent in this place.
 E = Time spent auto-exploring this place.
 F = Levels seen in this place.
 G = Mean time per level.
                   A        B        C        D        E       F      G
               +--------+--------+--------+--------+--------+-----+--------+
         Total |    838 |    838 |      0 |    244 |     32 |   4 |  209.5 |
       Dungeon |    838 |    838 |      0 |    244 |     32 |   4 |  209.5 |
               +--------+--------+--------+--------+--------+-----+--------+

Top non-repeatable levels by time:
     D:4: 704 daAuts
     D:5: 104 daAuts
     D:6: 23 daAuts
     D:3: 5 daAuts
